Description

Cloak Banshee

Build Order

Get SALT Encoding   

  12  0:00  SCV  
  13  0:13  SCV  
  14  0:17  Supply Depot  
  14  0:25  SCV  
  15  0:36  Refinery  
  15  0:39  SCV  
  16  0:45  Barracks  
  16  0:51  SCV  
  16  0:55  Refinery  
  17  1:03  SCV  
  18  1:15  SCV  
  19  1:32  Orbital Command  
  20  1:34  Factory  
  20  1:38  Reaper  
  20  1:47  Supply Depot  
  20  1:57  SCV  
  21  2:10  SCV, Barracks Reactor  
  22  2:17  Factory Tech Lab  
  22  2:18  Starport  
  22  2:22  SCV  
  23  2:34  SCV  
  23  2:35  Supply Depot  
  24  2:44  Widow Mine  
  24  2:46  SCV  
  27  2:53  Marine x2  
  27  2:58  SCV  
  30  3:01  Cloaking Field  
  30  3:02  Banshee  
  33  3:09  Supply Depot  
  33  3:10  SCV  
  33  3:11  Marine x2  
  36  3:29  Marine x2  
  38  3:35  SCV  
  38  3:41  Command Center  
  38  3:46  Raven, Marine x2  
  42  3:54  Supply Depot, Factory Tech Lab  
  42  3:55  SCV  
  43  4:04  Marine x2  
  43  4:07  SCV  
  45  4:15  Siege Tank  
  48  4:22  Marine x2, SCV  
  51  4:31  Banshee  
  53  4:35  SCV  
  54  4:41  Marine  
  55  4:53  Siege Tank, SCV  
  55  4:59  Orbital Command  
  60  5:05  SCV  
  60  5:18  Supply Depot  
  60  5:21  Marine  
  60  5:22  Viking  
  60  5:23  Viking  
  60  5:25  SCV  
  66  5:37  SCV  
  66  5:38  Supply Depot  
  66  5:39  Marine  
  68  5:50  Refinery  
  68  5:54  Viking  
  70  5:59  Siege Tank  
  70  6:00  SCV x2  
  70  6:03  Viking  
  77  6:04  Marine  
  78  6:23  Marine, SCV x2  
  68  6:35  SCV x2  
  48  6:41  Marine  
  48  6:47  SCV x2  
  48  6:52  Command Center  
  48  7:01  Refinery  
Spawning Tool Build Advisor. Get it on Overwolf

Go to:

Details

  • Created by: terrasol
  • Published on: Dec 03, 2016
  • Modified on: Dec 03, 2016
  • Patch: Pre-3.8.0
Show
View Real Time Build Order
Export as new Build Order

Comments (0)

There are no comments. Be the first!

Create an account to comment!